 Dungeon Crawl Stone Soup version 0.30-a0-168-g0b976cbdc4 (webtiles) character file.

Game seed: 4148954194584388643

317 qw the Chopper (level 6, 0/38 HPs)
             Began as a Gargoyle Fighter on Sept 29, 2022.
             Slain by a wight
             ... wielding a +0 great sword
              (1 damage)
             ... on level 4 of the Dungeon.
             The game lasted 00:01:16 (3710 turns).

qw the Chopper (Gargoyle Fighter)                   Turns: 3710, Time: 00:01:16

Health: 0/38       AC: 13    Str: 21    XL:     6   Next: 44%
Magic:  0/6        EV:  7    Int:  9    God:
Gold:   276        SH:  4    Dex:  9    Spells: 5/5 levels left

rFire   . . .      SeeInvis .    Y - +1 war axe
rCold   . . .      Faith    .    c - +0 buckler
rNeg    + . .      Spirit   +    h - +0 chain mail
rPois   inf        Reflect  .    (no helmet)
rElec   +          Harm     .    (no cloak)
rCorr   .          Rampage  .    (no gloves)
Will    .....                    (no boots)
Stlth   ..........               g - amulet of guardian spirit
HPRegen 0.12/turn                (no ring)
MPRegen 0.10/turn                (no ring)

@: no status effects
A: sickness immunity, AC +4, negative energy resistance 1, electricity
resistance, torment resistance 1, petrification resistance
a: no special abilities


You were on level 4 of the Dungeon.
You visited 1 branch of the dungeon, and saw 4 of its levels.

You collected 276 gold pieces.


Innate Abilities, Weirdness & Mutations

You are immune to sickness and miasma.
Your stone body is resilient. (AC +4)
You are immune to poison.
You resist negative energy. (rN+)
You are resistant to electric shocks. (rElec)
You are resistant to unholy torment.
You are immune to petrification.


   Skills:
 - Level 4.0 Fighting
 + Level 5.7 Axes
 - Level 3.2 Armour
 - Level 3.2 Shields


You had 5 spell levels left.
You didn't know any spells.
Your spell library was empty.

Inventory:

Hand Weapons
 o - a +3 flail
 Y - a +1 war axe (weapon)
Armour
 c - a +0 buckler (worn)
 f - the +3 hat of Pondering {ponderous, Will+ MP+10 Int+5}
   (You found it on level 2 of the Dungeon)

   Int:       It affects your intelligence (+5).
   MP:        It affects your magic capacity (+10).
   Will:      It increases your willpower.
 h - a +0 chain mail (worn)
Jewellery
 g - an amulet of guardian spirit (around neck)
 k - a ring of ice
 n - a ring of protection from fire
Scrolls
 e - a scroll of identify
 l - a scroll of immolation {unknown}
 m - a scroll of fog {unknown}
Potions
 a - a potion of heal wounds {unknown}
 b - a potion of curing {unknown}
 d - a potion of might
 i - a potion of flight {unknown}

Dungeon Overview and Level Annotations

Branches:
Dungeon (4/15)
 Temple: D:4-7

Altars:
Ru
Trog

Shops:
D:1 :

Annotations:
D:4 2 transporters, qw's ghost, novice GrFi


Message History

The wight moves out of view.
You barely miss the wight. The wight barely misses you.
The wight hits you but does no damage.
You hit the wight but do no damage. The wight barely misses you.
You hit the wight.
The wight is lightly damaged.
The wight hits you with a +0 great sword!
You barely miss the wight.
The wight is lightly damaged.
The wight hits you with a +0 great sword.
You barely miss the wight.
The wight is lightly damaged.
The wight barely misses you. The wight hits you but does no damage.
You barely miss the wight.
The wight is lightly damaged.
The wight hits you with a +0 great sword!
You hit the wight.
The wight is lightly damaged.
The wight hits you with a +0 great sword.
You hit the wight.
The wight is moderately damaged.
The wight closely misses you.
You closely miss the wight.
The wight is moderately damaged.
The wight hits you with a +0 great sword!
The wight closely misses you.
You slash the wight!
The wight is severely damaged.
The wight hits you with a +0 great sword!
You barely miss the wight.
The wight is severely damaged.
The wight barely misses you.
You hit the wight but do no damage.
The wight is severely damaged.
The wight barely misses you.
You hit the wight.
The wight is almost destroyed.
The wight hits you with a +0 great sword. x2
You die...

### ### #.. ..#
######.## #.#
.......# #.#
#.##..###.###.###
##.#.#..[).@z......
#.#.....###.#$..###
#...#..# #......#
#.###.##..###.#......
#.(...........##.####
####...####### .#
#.....# # ##...##
##+## ##.## ##...##


You could see a wight.

Vanquished Creatures
  2 wights (D:4)
  Terence (D:3)
  Natasha (twice) (D:3)
  An orc wizard (D:3)
  4 adders
  A worm (D:2)
  2 dart slugs (D:1)
  5 orcs (D:3)
  4 ball pythons
  7 bats
  3 endoplasms
  3 giant cockroaches
  6 goblins
  7 hobgoblins
  4 jackals
  5 kobolds
  5 quokkas
  2 frilled lizards
  6 rats
70 creatures vanquished.

Notes
Turn   | Place    | Note
-------+----------+-------------------------------------------
     0 | D:1      | qw the Gargoyle Fighter began the quest for the Orb.
     0 | D:1      | Reached XP level 1. HP: 14/14 MP: 1/1
     0 | D:1      | 0 ||| qw: Version: 0.2-a-12-gaebbb33
     0 | D:1      | 0 ||| qw: Game counter: 1217
     0 | D:1      | 0 ||| qw: Always use a shield: true
     0 | D:1      | 0 ||| qw: God list: Okawaru
     0 | D:1      | 0 ||| qw: Allow faded altars: false
     0 | D:1      | 0 ||| qw: Do Orc after D:15 true
     0 | D:1      | 0 ||| qw: Do second Lair branch before Depths: true
     0 | D:1      | 0 ||| qw: Lair rune preference: random
     0 | D:1      | 0 ||| qw: Plans: Normal, Zot:1-4, God:TSO, Crypt, Tomb,
                  | Pan, Slime:5, Hells, Abyss, Orb
     0 | D:1      | 0 ||| PLANNING D:1-11
    71 | D:1      | Reached skill level 2 in Axes
   203 | D:1      | Reached XP level 2. HP: 19/19 MP: 2/2
   367 | D:1      | 367 ||| Stepping ~*~*~tactically~*~*~ (stealth).
   368 | D:1      | 368 ||| Stepping ~*~*~tactically~*~*~ (stealth).
   369 | D:1      | 369 ||| Stepping ~*~*~tactically~*~*~ (stealth).
   372 | D:1      | 372 ||| Stepping ~*~*~tactically~*~*~ (stealth).
   388 | D:1      | Found Idyorphad's Book Boutique.
   494 | D:1      | Found a faded altar of an unknown god.
   551 | D:1      | Reached skill level 3 in Axes
   616 | D:1      | Reached XP level 3. HP: 23/23 MP: 3/3
  1070 | D:1      | 1070 ||| UPGRADING to +0 chain mail.
  1080 | D:1      | 1080 ||| DROPPING +0 scale mail.
  1081 | D:1      | 1081 ||| UPGRADING to amulet of guardian spirit.
  1086 | D:1      | 1086 ||| READING scroll labelled AFOCKA YHIETUTOSCH.
  1087 | D:1      | 1087 ||| READING scroll labelled PYFICHI JIMA.
  1088 | D:1      | 1088 ||| READING scroll labelled ARPHASK FIUCEYV.
  1091 | D:1      | 1091 ||| READING scroll labelled TALEON PEZXIUPIZA.
  1141 | D:2      | 1141 ||| Stepping ~*~*~tactically~*~*~ (stealth).
  1142 | D:2      | 1142 ||| Stepping ~*~*~tactically~*~*~ (stealth).
  1225 | D:2      | Found the +3 hat of Pondering {ponderous, Will+ MP+10
                  | Int+5}
  1560 | D:2      | Reached XP level 4. HP: 28/28 MP: 4/4
  1563 | D:2      | 1563 ||| DROPPING +0 club.
  1836 | D:2      | 1836 ||| DROPPING amulet of magic regeneration.
  1837 | D:2      | 1837 ||| DROPPING amulet of faith.
  1838 | D:2      | 1838 ||| READING scroll labelled VEFECA DOCWI.
  1839 | D:2      | 1839 ||| READING scroll labelled FUDIEV ACHEROS.
  1912 | D:3      | Noticed Terence
  1924 | D:3      | Killed Terence
  1925 | D:3      | Reached skill level 4 in Axes
  1969 | D:3      | 1969 ||| DROPPING +0 whip.
  2016 | D:3      | 2016 ||| Stepping ~*~*~tactically~*~*~ (stealth).
  2018 | D:3      | 2018 ||| Stepping ~*~*~tactically~*~*~ (hiding).
  2030 | D:3      | Reached XP level 5. HP: 22/32 MP: 5/5
  2088 | D:3      | 2088 ||| Stepping ~*~*~tactically~*~*~ (stealth).
  2111 | D:3      | 2111 ||| FLEEEEING.
  2358 | D:3      | Noticed Natasha
  2379 | D:3      | Killed Natasha
  2380 | D:3      | Reached skill level 5 in Axes
  2550 | D:3      | Found a bloodstained altar of Trog.
  2893 | D:3      | Found a sacrificial altar of Ru.
  3050 | D:3      | Noticed Natasha
  3053 | D:3      | Killed Natasha
  3098 | D:3      | 3098 ||| READING scroll labelled RUOZ YQOGUPUTZ.
  3099 | D:3      | 3099 ||| READING scroll labelled DAMYJ YGIUDILYTE.
  3100 | D:3      | 3100 ||| READING scroll labelled ACSEGG FULAAG.
  3117 | D:4      | 3117 ||| STAIRDANCE
  3124 | D:4      | 3124 ||| STAIRDANCE
  3204 | D:4      | Found a transporter.
  3225 | D:4      | Found a transporter.
  3226 | D:4      | Noticed qw's ghost (novice GrFi)
  3404 | D:4      | Reached XP level 6. HP: 18/38 MP: 2/6
  3694 | D:4      | 3694 ||| DROPPING +0 flail.
  3707 | D:4      | HP: 1/38 [wight/+0 great sword (10)]
  3710 | D:4      | Slain by a wight

Levels and vault maps discovered:
D:1:      lemuel_arrival_muddy, layout_basic, serial_shops,
          nicolae_shop_hallway_plus,
          dreamdust_ecumenical_altar_hidden_monk_grotto,
          chequers_serial_rivers_large_a, chequers_big_river
D:2:      layout_loops_ring, minmay_misc_feat_nine_boxes, minmay_unequal
D:3:      layout_basic, nicolae_overflow_crystal_walls,
          nicolae_ru_the_path_less_chosen, uniq_natasha, uniq_terence
D:4:      layout_loops_corners, nicolae_overflow_hallway_of_the_gods,
          minmay_temple_entry_glass, gammafunk_ghost_smash

Skill      XL: |  1  2  3  4  5 |
---------------+----------------+-----
Axes           | 2 3 4 5 |  5.7
Fighting       | 4 |  4.0
Armour         | |  3.2
Shields        | |  3.2

Action                   |  1- 3 |  4- 6 || total
-------------------------+-------+-------++-------
Melee: War axe           |    93 |   144 ||   237
       Unarmed           |       |     4 ||     4
  Use: Scroll            |     4 |     5 ||     9
Armor: Scale mail        |    39 |       ||    39
       Chain mail        |    13 |    87 ||   100
Dodge: Dodged            |    45 |    49 ||    94
Block: Buckler           |    20 |    21 ||    41

Table legend:
 A = Non-vault XP
 B = Vault XP
 C = Vault XP percentage of total XP
 D = Non-vault monster count
 E = Vault monster count
 F = Vault count percentage of total count
                 A         B        C        D         E       F
            +---------+---------+-------+---------+---------+-------
      Total |     374 |      79 |  17.4 |      65 |       5 |   7.1
            +---------+---------+-------+---------+---------+-------
        D:1 |      48 |       0 |   0.0 |      26 |       0 |   0.0
        D:2 |      36 |       8 |  18.2 |       8 |       3 |  27.3
        D:3 |     114 |      71 |  38.4 |      24 |       2 |   7.7
        D:4 |     176 |       0 |   0.0 |       7 |       0 |   0.0
            +---------+---------+-------+---------+---------+-------
